 Dungeon Crawl Stone Soup version 0.30-a0-34-gbe8da3892a (webtiles) character file.

Game seed: 17863441786908827228

451533 concernfroge the Warrior (level 23, -20/190 HPs)
             Began as a Mummy Monk on Aug 21, 2022.
             Was a High Priest of Okawaru.
             Demolished by an ettin
             ... wielding a +0 dire flail
              (24 damage)
             ... while paralysed by a floating eye
             ... on level 4 of the Depths on Aug 27, 2022.
             The game lasted 04:28:56 (57745 turns).

concernfroge the Warrior (Mummy Monk)              Turns: 57745, Time: 04:28:56

Health: -20/190    AC: 46    Str: 30    XL:     23   Next: 20%
Magic:  38/38      EV:  2    Int:  9    God:    Okawaru [*****.]
Gold:   5960       SH:  0    Dex: 36    Spells: 22/22 levels left

rFire   + + .      SeeInvis +    a - +9 broad axe of Integrity {vorpal, Will+ rCorr Dex+4}
rCold   + + .      Faith    .    X - +2 tower shield {rC+ rF+}
rNeg    + + +      Spirit   .    n - +7 crystal plate armour of Okawaru's Condemnation {-Tele rC- Str+8 Dex+10}
rPois   ∞          Reflect  +    M - +2 helmet {SInv}
rElec   +          Harm     .    J - +0 cloak "Miqo Qiesuy" {rElec rC+ Will+}
rCorr   +          Rampage  .    E - +2 pair of gloves
Will    ++++.      NoTele   +    r - +2 pair of boots {Stlth+}
Stlth   ..........               h - amulet of reflection
HPRegen 0.41/turn                q - ring of protection from fire
MPRegen 0.26/turn                F - ring of Peqezeg {rPois rF+ rN+ MP+9 Dex+4}

@: paralysed, heroic, studying 3 skills
A: cold resistance 1, negative energy resistance 3, torment resistance 2, heat
vulnerability 1, in touch with death 2, no potions
}: 2/15 runes: serpentine, barnacled
a: Renounce Religion, Heroism, Finesse, Duel


You were on level 4 of the Depths.
You worshipped Okawaru.
Okawaru was extremely pleased with you.
You visited 9 branches of the dungeon, and saw 42 of its levels.
You also visited: Trove and Ice Cave.

You collected 7018 gold pieces.
You spent 1058 gold pieces at shops.

Inventory:

Hand Weapons
 a - the +9 broad axe of Integrity (weapon) {vorpal, Will+ rCorr Dex+4}
   (You found it on level 3 of the Crypt)

   It inflicts extra damage upon your enemies.
   Dex:       It affects your dexterity (+4).
   rCorr:     It protects you from acid and corrosion.
   Will:      It increases your willpower.
 b - the +9 broad axe "Doepnibb" {drain, rF+ rCorr Int+4}
   (You acquired it on level 3 of the Crypt)

   A truly terrible weapon, it drains the life of any living foe it strikes.
   Int:       It affects your intelligence (+4).
   rF:        It protects you from fire.
   rCorr:     It protects you from acid and corrosion.
Missiles
 k - 13 atropa-tipped darts
 l - 4 boomerangs of dispersal
 m - 18 javelins (quivered)
 x - 6 curare-tipped darts
 D - 9 datura-tipped darts
 S - 4 throwing nets
 T - 16 silver javelins
 V - 4 silver boomerangs
Armour
 n - the +7 crystal plate armour of Okawaru's Condemnation (worn) {-Tele rC- Str+8 Dex+10}
   (Okawaru gifted it to you on level 5 of the Lair of Beasts)

   Str:       It affects your strength (+8).
   Dex:       It affects your dexterity (+10).
   rC:        It makes you vulnerable to cold.
   -Tele:     It prevents most forms of teleportation.
 r - a +2 pair of boots of stealth (worn)
 E - a +2 pair of gloves (worn)
 J - the +0 cloak "Miqo Qiesuy" (worn) {rElec rC+ Will+}
   (Okawaru gifted it to you on level 4 of the Lair of Beasts)

   rC:        It protects you from cold.
   rElec:     It insulates you from electricity.
   Will:      It increases your willpower.
 M - a +2 helmet of see invisible (worn)
 X - a +2 tower shield of resistance (worn)
Jewellery
 e - an amulet of regeneration
 h - an amulet of reflection (around neck)
 i - a ring of willpower
 q - a ring of protection from fire (left hand)
 F - the ring of Peqezeg (right hand) {rPois rF+ rN+ MP+9 Dex+4}
   (You found it in an ice cave)

   [ring of poison resistance]

   Dex:       It affects your dexterity (+4).
   rF:        It protects you from fire.
   rPois:     It protects you from poison.
   rN:        It protects you from negative energy.
   MP:        It affects your magic capacity (+9).
 Q - a +4 ring of slaying
Wands
 s - a wand of flame (30)
 z - a wand of paralysis (17)
 A - a wand of iceblast (19)
 C - a wand of acid (16)
 H - a wand of polymorph (2)
 P - a wand of digging (18)
 W - a wand of mindburst (8)
Scrolls
 d - 5 scrolls of vulnerability
 f - 6 scrolls of immolation
 g - 6 scrolls of noise
 j - 4 scrolls of poison
 o - a scroll of brand weapon
 p - 5 scrolls of enchant weapon
 u - 7 scrolls of blinking
 v - 19 scrolls of teleportation
 y - a scroll of magic mapping
 I - 8 scrolls of fog
 K - 8 scrolls of amnesia
 L - 8 scrolls of fear
 O - a scroll of enchant armour
 R - 3 scrolls of torment
Miscellaneous
 t - a phial of floods
 w - a lightning rod (4/4)
 B - a tin of tremorstones (2/2)
 G - a condenser vane


   Skills:
 - Level 18.0(23.0) Fighting
 - Level 17.9(23.0) Axes
 - Level 2.4(16.9) Polearms
 - Level 12.0(17.0) Throwing
 + Level 14.4(19.4) Armour
 - Level 14.0(19.0) Dodging
 - Level 1.5(6.5) Stealth
 - Level 14.0(19.0) Shields
 - Level 8.0 Invocations
 + Level 12.7 Evocations


You had 22 spell levels left.
You didn't know any spells.
Your spell library contained the following spells:

 Spells                   Type           Power      Damage    Failure   Level
 Apportation              Tloc           0%         N/A       100%        1
 Magic Dart               Conj           0%         1d3       100%        1
 Necrotise                Necr           0%         1d4       100%        1
 Sting                    Tmut/Pois      0%         1d3       100%        1
 Blink                    Tloc           0%         N/A       100%        2
 Ensorcelled Hibernation  Hex/Ice        0%         N/A       100%        2
 Passwall                 Tmut/Erth      0%         N/A       100%        2
 Scorch                   Fire           0%         2d5       100%        2
 Searing Ray              Conj           0%         2d4       100%        2
 Lesser Beckoning         Tloc           0%         N/A       100%        3
 Mephitic Cloud           Conj/Pois/Air  0%         N/A       100%        3
 Ozocubu's Armour         Ice            0%         N/A       100%        3
 Portal Projectile        Hex/Tloc       0%         N/A       100%        3
 Airstrike                Air            0%         2d(0-16)  100%        4
 Anguish                  Hex/Necr       0%         N/A       100%        4
 Corpse Rot               Necr/Pois/Air  0%         N/A       100%        4
 Flame Wave               Conj/Fire      0%         2d4       100%        4
 Fulminant Prism          Conj/Hex       0%         3d6       100%        4
 Iskenderun's Mystic Bla  Conj/Tloc      0%         2d3       100%        4
 Leda's Liquefaction      Hex/Erth       0%         N/A       100%        4
 Passage of Golubria      Tloc           0%         N/A       100%        4
 Petrify                  Tmut/Erth      0%         N/A       100%        4
 Alistair's Intoxication  Tmut/Pois      0%         N/A       100%        5
 Borgnjor's Vile Clutch   Necr/Erth      0%         N/A       100%        5
 Irradiate                Conj/Tmut      0%         3d11      100%        5
 Lee's Rapid Deconstruct  Erth           0%         3d5*      100%        5
 Manifold Assault         Tloc           0%         N/A       100%        5
 Metabolic Englaciation   Hex/Ice        0%         N/A       100%        5
 Yara's Violent Unravell  Hex/Tmut       0%         3d3       100%        5
 Conjure Ball Lightning   Conj/Air       0%         3x3d6     100%        6
 Eringya's Noxious Bog    Tmut/Pois      0%         N/A       100%        6
 Orb of Destruction       Conj           0%         9d5       100%        7
 Ozocubu's Refrigeration  Ice            0%         4d7       100%        7
 Chain Lightning          Conj/Air       0%         N/A       100%        9
 Polar Vortex             Ice            0%         N/A       100%        9
 Summon Small Mammal      Summ           Unusable   N/A       N/A         1
 Sublimation of Blood     Necr           Unusable   N/A       N/A         2
 Call Canine Familiar     Summ           Unusable   N/A       N/A         3
 Spider Form              Tmut/Pois      Unusable   N/A       N/A         3
 Summon Guardian Golem    Hex/Summ       Unusable   N/A       N/A         3
 Tukima's Dance           Hex            Unusable   N/A       N/A         3
 Ice Form                 Ice/Tmut       Unusable   N/A       N/A         4
 Summon Forest            Summ/Tloc      Unusable   N/A       N/A         5
 Simulacrum               Ice/Necr       Unusable   N/A       N/A         6
 Summon Cactus Giant      Summ           Unusable   N/A       N/A         6
 Spellforged Servitor     Conj/Summ      Unusable   N/A       N/A         7
 Summon Hydra             Summ           Unusable   N/A       N/A         7
 Borgnjor's Revivificati  Necr           Unusable   N/A       N/A         8
 Death's Door             Necr           Unusable   N/A       N/A         9

Dungeon Overview and Level Annotations

Branches:
Dungeon (15/15)            Temple (1/1) D:4            Lair (5/5) D:10
 Shoals (4/4) Lair:3        Snake (4/4) Lair:3        Slime (0/5) Lair:4
    Orc (2/2) D:9             Elf (0/3) Orc:2        Vaults (4/5) D:14
  Crypt (3/3) Vaults:2       Tomb (0/3) Crypt:3      Depths (4/4) D:15
  IceCv (visited)
    Zot: Depths:4

Altars:
Ashenzari
Cheibriados
Dithmenos
Fedhas
Gozag
Hepliaklqana
Kikubaaqudgha
Makhleb
Nemelex Xobeh
Okawaru
Qazlal
Ru
Sif Muna
Trog
Uskayaw
Vehumet
Wu Jian
Xom
Yredelemnul
Jiyva

Shops:
Orc:1 [   Orc:2 [(=*   Shoals:1 **   Snake:1 **::=   Vaults:3 (   Depths:1 (

Portals:
Hell: Depths:1 Depths:2 Depths:3 Depths:4
Abyss: Depths:1 Depths:3
Pandemonium: Depths:2
Ziggurat: Depths:2

Annotations:
D:9 exclusion: ice statue
Shoals:2 Roxanne
Snake:1 3 runed translucent doors, exclusion: obsidian statue, Newt's ghost, journeyman DsGl
Snake:4 3 runed translucent doors, Zeldest's ghost, adept VSBe
Vaults:2 3 runed translucent doors, quaternion's ghost, veteran MiFi


Innate Abilities, Weirdness & Mutations

You are immune to poison.
Your flesh is cold resistant. (rC+)
You are immune to negative energy. (rN+++)
You are immune to unholy pain and torment.
You are vulnerable to heat. (rF-)
You are strongly in touch with the powers of death.
You do not drink.


Message History

You block the ettin's attack.
The floating eye gazes piercingly through you!
You suddenly lose the ability to move!
The ettin hits you but does no damage. x2; The stone giant hits you!
The floating eye's stare focuses on you.
The ettin hits you with a +0 dire flail! x2
The stone giant hits you but does no damage.
The ettin hits you but does no damage.
The ettin hits you with a +0 dire flail!
The stone giant hits you!!
The floating eye gazes piercingly through you!
You shrug off the repeated paralysis!
You can move again.
You fail to use your ability.
The juggernaut hits you but does no damage.
You block the juggernaut's attack. You block the ettin's attack. x2
You block the stone giant's attack. The floating eye seems to glare at you.
You hit the juggernaut but do no damage.
You hit the ettin but do no damage.
You hit the stone giant but do no damage.
You block the ettin's attack. x2; You block the stone giant's attack.
You hit the juggernaut.
The juggernaut is lightly wounded.
You hit the ettin but do no damage. You hit the stone giant.
The floating eye gazes piercingly through you!
You suddenly lose the ability to move!
The ettin hits you but does no damage.
The ettin hits you with a +0 dire flail!!
The stone giant hits you! The juggernaut hits you!!
* * * LOW HITPOINT WARNING * * *
The juggernaut hits you but does no damage.
The ettin hits you with a +0 dire flail!
* * * LOW HITPOINT WARNING * * *
The ettin hits you but does no damage.
The stone giant hits you but does no damage.
The ettin hits you with a +0 dire flail!
* * * LOW HITPOINT WARNING * * *
The ettin hits you with a +0 dire flail!!
You die...

#### ######## .
##..###.#..#.# ...
######.............
#...#C#..#..#.###.###..
#...GC@..............#.
...#..C#.....#.#.####..#
#...#...#...#......##.#
...#...#.....#.#..#..#.#
...............#.#.#.#..
# #########..#.#..#..#.#
##.#.##......#
#.#..####.#.#
#..#...[.....


You could see a juggernaut, a stone giant, an ettin and a floating eye.

Vanquished Creatures
  An ancient lich (Crypt:2)
  Mara (Snake:3)
  Boris (4 times) (Vaults:3 Crypt:1 Depths:2 Depths:4)
  Vv (Depths:2)
  Frederick (Vaults:4)
  3 golden dragons
  A profane servitor (Crypt:3)
  A bone dragon (Crypt:3)
  Jorgrun (D:13)
  A walking crystal tome (Depths:2)
  Mlioglotl (Shoals:4)
  2 liches
  2 titans
  Frances (D:13)
  Polyphemus (Shoals:4)
  A kraken (Shoals:4)
  3 sphinxes
  Donald (Shoals:1)
  8 ancient champions
  A tengu reaver (Depths:4)
  2 shadow dragons
  A storm dragon (Vaults:4)
  Ilsuiw (Shoals:2)
  Kirke (Snake:3)
  A fenstrider witch (Shoals:2)
  A revenant (Crypt:3)
  6 nagarajas
  10 frost giants
  5 fire giants
  10 vault wardens
  3 orc warlords
  Aizul (Snake:2)
  A juggernaut zombie (Depths:3)
  A balrug (Depths:2)
  10 stone giants
  3 curse skulls
  15 ironbound preservers
  28 very ugly things
  2 war gargoyles (Vaults:4)
  4 ghouls
  A caustic shrike skeleton (Crypt:2)
  Nessos (D:15)
  9 ironbound thunderhulks
  3 vampire knights
  A bunyip (D:12)
  An entropy weaver (Vaults:2)
  10 spark wasps
  10 ettins
  22 dire elephants
  Snorg (Lair:5)
  3 fire dragons
  8 merfolk impalers
  6 merfolk javelineers
  An eidolon (Crypt:2)
  A green death (Crypt:2)
  3 deep elf death magi
  15 jiangshi
  9 great orbs of eyes
  6 yaktaur captains
  A spriggan zombie (Crypt:1)
  8 ice dragons
  A fenstrider witch zombie (Crypt:1)
  5 salamander tyrants
  2 rakshasas
  Fannar (D:10)
  4 boulder beetles
  A hell beast (Depths:2)
  9 anacondas
  A peacekeeper (Vaults:4)
  7 hydras
  4 ironbound frosthearts
  7 vault guards
  A bennu zombie (Crypt:1)
  5 merfolk aquamancers
  5 centaur warriors
  4 two-headed ogres
  3 catoblepae
  Erica (D:10)
  4 spriggan air magi
  5 death knights
  4 merfolk avatars
  3 alligator snapping turtles
  16 naga warriors
  4 deep troll earth magi
  4 vampire magi
  A satyr (Shoals:3)
  18 death yaks
  6 deep troll shamans
  A shock serpent (shapeshifter) (Depths:1)
  6 spriggan berserkers
  A tengu warrior (Depths:4)
  13 naga sharpshooters
  A soul eater (Depths:2)
  Sonja (D:13)
  7 hell knights
  3 orc high priests
  A titan zombie (Crypt:1)
  3 shock serpents
  A spriggan (Depths:1)
  2 titan skeletons
  10 iron trolls
  3 salamander mystics
  3 shadow wraiths (Crypt:3)
  A bunyip zombie (Crypt:2)
  A sixfirhy (Depths:2)
  A quicksilver dragon simulacrum (Crypt:1)
  38 skeletal warriors
  A death drake (Shoals:1)
  A shadow demon (Depths:2)
  10 sea snakes
  A spark wasp zombie (Depths:3)
  5 naga ritualists
  A bog body (Crypt:1)
  6 flayed ghosts
  2 large abominations (Crypt:3)
  A spriggan simulacrum (Crypt:2)
  An orange crystal statue (Vaults:1)
  A glowing orange brain (Depths:1)
  8 lindwurms
  A fenstrider witch simulacrum (Crypt:1)
  53 deep trolls
  9 ironbound convokers
  11 necromancers
  11 wizards
  11 phantasmal warriors
  15 harpies
  17 mana vipers
  4 deep elf pyromancers
  An iron dragon zombie (Crypt:2)
  A wolf spider (Lair:5)
  6 orc sorcerers
  12 orc knights
  8 cyclopes
  7 fauns
  36 ugly things
  5 oklob plants
  15 manticores
  2 human zombies
  23 merfolk sirens
  An iron dragon skeleton (Depths:3)
  21 salamanders
  12 elephants
  2 guardian serpents
  43 black mambas
  An ice statue (IceCv)
  A frost giant skeleton (Depths:1)
  17 naga magi
  5 centaur skeletons
  A fire giant skeleton (Vaults:3)
  7 torpor snails (Lair:5)
  3 centaur zombies
  18 vault sentinels
  12 water nymphs
  13 cane toads
  An orange demon (Depths:2)
  An unseen horror (D:12)
  5 gargoyles (D:12)
  3 kobold demonologists
  A yellow draconian zombie (Crypt:2)
  An unseen horror zombie (D:10)
  7 komodo dragons
  An ice devil (Depths:2)
  A grey draconian zombie (Crypt:1)
  4 freezing wraiths
  30 yaktaurs
  2 tengu conjurers
  A death yak skeleton (Crypt:2)
  A pale draconian skeleton (Crypt:1)
  7 guardian mummies
  16 polar bears
  A red devil (Depths:2)
  9 trolls
  A fire dragon zombie (Crypt:2)
  31 merfolk
  3 tyrant leeches (Lair:5)
  9 hornets
  13 wind drakes
  2 ettin zombies
  17 slime creatures
  8 blink frogs
  Prince Ribbit (D:9)
  15 dream sheep
  An iron dragon simulacrum (Crypt:1)
  3 snapping turtles
  2 centaur simulacra
  An ettin skeleton (Crypt:2)
  26 water elementals
  4 air elementals (Shoals:4)
  A black mamba zombie (Crypt:1)
  61 flying skulls
  2 shadows
  7 wyverns
  An alligator snapping turtle simulacrum (Crypt:3)
  5 humans (Snake:3)
  2 hogs (Snake:3)
  2 small abominations (Crypt:3)
  4 wraiths
  A hog (shapeshifter) (D:15)
  75 yaks
  3 basilisks
  A black mamba skeleton (Crypt:1)
  A redback (Vaults:2)
  2 steam dragons
  2 vampire mosquitoes (D:13)
  A death yak simulacrum (Lair:4)
  A redback (shapeshifter) (Vaults:4)
  44 nagas
  6 wargs
  4 acid dragons
  11 water moccasins
  A naga zombie (Crypt:2)
  A water nymph skeleton (Crypt:1)
  2 naga skeletons (Crypt:1)
  A tengu skeleton (Depths:1)
  35 orc warriors
  A black bear (D:4)
  2 sky beasts
  7 ogres
  4 boggarts (Vaults:1)
  40 wolves
  2 centaurs
  8 kobold brigands
  A yaktaur zombie (Crypt:2)
  8 bullfrogs
  5 necrophages
  3 scorpions
  A gnoll sergeant (D:9)
  A human simulacrum (Depths:1)
  A cane toad simulacrum (Lair:4)
  A tengu simulacrum (Depths:1)
  5 wights
  A naga simulacrum (Crypt:3)
  8 killer bees
  A howler monkey (D:13)
  A spectral centaur (D:10)
  4 electric eels
  A crimson imp (D:5)
  A bullfrog skeleton (Crypt:1)
  3 hounds (D:5)
  9 orc priests
  A gnoll bouda (D:7)
  An iguana (D:5)
  2 human skeletons (Crypt:1)
  27 orc wizards
  A scorpion zombie (Crypt:2)
  A polar bear simulacrum (Lair:4)
  3 wolf simulacra (Lair:4)
  A tengu zombie (Crypt:2)
  2 mummies (Crypt:1)
  9 gnolls
  8 adders
  A swamp drake skeleton (Crypt:1)
  A white imp (D:5)
  An ufetubus (D:5)
  A worm (D:2)
  2 dart slugs
  67 orcs
  5 bats
  3 endoplasms
  9 goblins
  4 hobgoblins
  4 jackals (D:4)
  22 kobolds
  3 quokkas
  11 ball pythons
  2 frilled lizards
  A goblin skeleton (Crypt:2)
  10 rats
  A bush (Lair:3)
  2 tentacles (Shoals:4)
1759 creatures vanquished.

Vanquished Creatures (collateral kills)
  A cyclops (D:15)
1 creature vanquished.

Vanquished Creatures (others)
  73 fungi
  120 plants
  5 tentacles (Shoals:4)
198 creatures vanquished.

Grand Total: 1958 creatures vanquished

Notes
Turn   | Place    | Note
-------+----------+-------------------------------------------
     0 | D:1      | concernfroge the Mummy Monk began the quest for the Orb.
     0 | D:1      | Reached XP level 1. HP: 18/18 MP: 1/1
   243 | D:1      | Reached XP level 2. HP: 24/24 MP: 2/2
   720 | D:2      | Reached skill level 4 in Fighting
   947 | D:2      | Gained mutation: You are in touch with the powers of death.
                  | [Mummy growth]
   947 | D:2      | Reached XP level 3. HP: 29/30 MP: 3/3
  1020 | D:2      | You fall into a shaft and drop 2 floors!
  1040 | D:4      | Noticed a black bear
  1190 | D:3      | Found a faded altar of an unknown god.
  2111 | D:3      | Reached XP level 4. HP: 29/38 MP: 4/4
  2333 | D:3      | Found a large runed translucent door.
  2424 | D:3      | Found a large runed translucent door.
  2443 | D:3      | Reached skill level 5 in Fighting
  2500 | D:3      | Found a broken altar of Ashenzari.
  2670 | D:4      | Found an iron altar of Okawaru.
  2712 | D:4      | Noticed a sky beast
  2788 | D:4      | Found a hide-covered altar of Uskayaw.
  2789 | D:4      | Found a radiant altar of Vehumet.
  2792 | D:4      | Noticed a scorpion
  2895 | D:4      | Found a staircase to the Ecumenical Temple.
  3021 | D:5      | Entered Level 5 of the Dungeon
  3136 | D:5      | Found an opulent altar of Gozag.
  3171 | D:5      | Reached XP level 5. HP: 46/46 MP: 5/5
  3202 | D:5      | Reached skill level 6 in Fighting
  3239 | D:5      | Found a shadowy altar of Dithmenos.
  3459 | D:5      | Reached XP level 6. HP: 42/53 MP: 6/6
  3611 | D:5      | Reached skill level 7 in Fighting
  4266 | D:5      | Found a shimmering altar of Xom.
  5006 | D:4      | Found a hazy altar of Hepliaklqana.
  5016 | D:4      | Became a worshipper of Warmaster Okawaru
  5016 | D:4      | Reached * piety under Okawaru
  5016 | D:4      | Reached ** piety under Okawaru
  5373 | D:6      | Noticed a sky beast
  5377 | D:6      | Identified the +10 hand axe of Disgust {vorpal, +Blink
                  | Will+ rCorr Dex-5}
  5834 | D:6      | Killed a sky beast
  5835 | D:6      | Reached skill level 1 in Invocations
  5835 | D:6      | Reached XP level 7. HP: 45/61 MP: 6/8
  6144 | D:6      | Reached skill level 8 in Fighting
  6766 | D:7      | Noticed a wyvern
  6773 | D:7      | Killed a wyvern
  7479 | D:8      | Reached skill level 9 in Fighting
  7563 | D:8      | Reached XP level 8. HP: 42/71 MP: 10/10
  7796 | D:9      | Noticed Prince Ribbit
  7801 | D:9      | Reached *** piety under Okawaru
  7802 | D:9      | Reached skill level 10 in Fighting
  7802 | D:9      | Reached skill level 1 in Evocations
  7824 | D:9      | Reached XP level 9. HP: 49/78 MP: 9/12
  7834 | D:9      | Killed Prince Ribbit
  8072 | D:9      | Noticed a two-headed ogre
  8089 | D:9      | Killed a two-headed ogre
  8089 | D:9      | Reached **** piety under Okawaru
  8090 | D:9      | Reached skill level 5 in Dodging
  8165 | D:10     | Entered Level 10 of the Dungeon
  8239 | D:10     | Reached ***** piety under Okawaru
  8240 | D:10     | Reached XP level 10. HP: 32/85 MP: 11/13
  8374 | D:10     | Noticed Erica
  8386 | D:10     | Killed Erica
  8633 | D:10     | Noticed Fannar
  8754 | D:11     | Noticed a two-headed ogre
  8792 | D:10     | Killed Fannar
  9083 | D:10     | Reached skill level 10 in Dodging
  9091 | D:10     | Reached skill level 5 in Invocations
  9092 | D:10     | Received a gift from Okawaru
  9185 | D:10     | Reached XP level 11. HP: 35/90 MP: 8/15
  9534 | D:10     | Found a staircase to the Lair.
  9944 | D:9      | Found a staircase to the Orcish Mines.
 10072 | D:9      | Noticed a wizard
 10078 | D:9      | Noticed a five-headed hydra
 10088 | D:9      | Killed a one-headed hydra
 10129 | D:9      | Noticed a purple ugly thing
 10140 | D:9      | Killed a wizard
 10141 | D:9      | Reached skill level 1 in Shields
 10150 | D:9      | Killed a purple ugly thing
 10353 | D:9      | Noticed a two-headed ogre
 10365 | D:9      | Killed a two-headed ogre
 11204 | D:8      | Reached skill level 5 in Shields
 11461 | Temple   | Entered the Ecumenical Temple
 12103 | Lair:1   | Entered Level 1 of the Lair of Beasts
 12110 | Lair:1   | Noticed a catoblepas
 12117 | D:10     | Reached skill level 1 in Axes
 12531 | Lair:1   | Received a gift from Okawaru
 12878 | Lair:1   | Reached XP level 12. HP: 75/97 MP: 18/18
 13377 | Lair:2   | Reached skill level 5 in Axes
 13753 | Lair:2   | Received a gift from Okawaru
 14449 | Lair:3   | Found a staircase to the Shoals.
 14504 | Lair:3   | Noticed a six-headed hydra
 14512 | Lair:3   | Found a staircase to the Snake Pit.
 14606 | Lair:3   | Killed a one-headed hydra
 14770 | Lair:3   | Noticed an eight-headed hydra
 14805 | Lair:3   | Killed a two-headed hydra
 15519 | Lair:4   | Found a frozen archway.
 15575 | IceCv    | Entered an ice cave
 15623 | IceCv    | Noticed a death yak
 15623 | IceCv    | Noticed a death yak
 15633 | IceCv    | Killed a death yak
 15643 | IceCv    | Killed a death yak
 15659 | IceCv    | Received a gift from Okawaru
 15789 | IceCv    | Reached skill level 10 in Axes
 15789 | IceCv    | Gained mutation: You are strongly in touch with the powers
                  | of death. [Mummy growth]
 15789 | IceCv    | Reached XP level 13. HP: 100/103 MP: 19/19
 16091 | IceCv    | Noticed a frost giant
 16113 | IceCv    | Killed a frost giant
 16162 | IceCv    | Identified the ring of Peqezeg {rPois rF+ rN+ MP+9 Dex+4}
 16169 | IceCv    | Got the Compilation of Idealism
 16592 | Lair:4   | Found a viscous altar of Jiyva.
 16592 | Lair:4   | Found a staircase to the Slime Pits.
 16684 | Lair:4   | Identified the +0 cloak "Miqo Qiesuy" {rElec rC+ Will+}
                  | (Okawaru gifted it to you on level 4 of the Lair of Beasts)
 16684 | Lair:4   | Received a gift from Okawaru
 17685 | Lair:5   | Entered Level 5 of the Lair of Beasts
 18020 | Lair:5   | Reached XP level 14. HP: 109/110 MP: 20/20
 18070 | Lair:5   | Received a gift from Okawaru
 18215 | Lair:5   | Noticed Snorg
 18233 | Lair:5   | Killed Snorg
 18660 | Lair:5   | Received a gift from Okawaru
 18661 | Lair:5   | Reached skill level 15 in Axes
 18946 | Lair:5   | Found a runed translucent door.
 19059 | Lair:5   | Identified the +7 crystal plate armour of Okawaru's
                  | Condemnation {-Tele rC- Str+8 Dex+10} (Okawaru gifted it to
                  | you on level 5 of the Lair of Beasts)
 19059 | Lair:5   | Received a gift from Okawaru
 19334 | Lair:5   | Identified the +8 spear "Adaloqas" {antimagic, Str+7}
 19593 | Lair:5   | Upgraded the game from 0.30-a0-4-ga7cffc901d to
                  | 0.30-a0-34-gbe8da3892a
 21142 | Orc:1    | Entered Level 1 of the Orcish Mines
 21142 | Orc:1    | Found Sykhuewno's Antique Armour Emporium.
 21242 | Orc:1    | Reached XP level 15. HP: 106/115 MP: 21/21
 21578 | Orc:2    | Entered Level 2 of the Orcish Mines
 21816 | Orc:2    | Found a staircase to the Elven Halls.
 21954 | Orc:2    | Found Werghar's Jewellery Shop.
 21984 | Orc:2    | Found Saalay's General Store.
 22111 | Orc:2    | Found Obukie's Antique Armour Emporium.
 22260 | Orc:2    | Found Ceudimiss's Antique Weapon Emporium.
 22902 | D:13     | Identified the +7 mace of Jumpunin {venom, rN+ Str+4 Int-2
                  | SInv}
 23037 | D:13     | Noticed Sonja
 23060 | D:13     | Killed Sonja
 23522 | D:13     | Noticed Frances
 23523 | D:13     | Noticed Jorgrun
 23536 | D:13     | Killed Jorgrun
 23543 | D:13     | Killed Frances
 23837 | D:14     | Received a gift from Okawaru
 23872 | D:14     | Identified the +0 chain mail of a Thousand Interlopers
                  | {rElec rCorr Int+4}
 24082 | D:14     | Received a gift from Okawaru
 24607 | D:14     | Found a gate to the Vaults.
 24883 | Orc:2    | Noticed an orc warlord
 24907 | Orc:2    | Killed an orc warlord
 24924 | Orc:2    | Bought a +6 ring of strength for 540 gold pieces
 25053 | D:15     | Entered Level 15 of the Dungeon
 25140 | D:15     | Noticed Nessos
 25159 | D:15     | Killed Nessos
 25363 | D:15     | Reached XP level 16. HP: 93/122 MP: 22/22
 25766 | D:15     | Received a gift from Okawaru
 25777 | D:15     | Identified the +0 cloak of the Orb {-Cast Harm Str+7 Dex+2}
 25795 | D:15     | Found a staircase to the Depths.
 26348 | Snake:1  | Entered Level 1 of the Snake Pit
 26476 | Snake:1  | Found a runed translucent gate.
 26558 | Snake:1  | Reached skill level 10 in Shields
 26561 | Snake:1  | Reached skill level 1 in Armour
 26631 | Snake:1  | You fall into a shaft and drop 1 floor!
 26895 | Snake:1  | Found a hide-covered altar of Uskayaw.
 27100 | Snake:1  | Found Noviovy's Book Emporium.
 27102 | Snake:1  | Found Zinimeth's Jewellery Boutique.
 27103 | Snake:1  | Found Melecij's Book Emporium.
 27111 | Snake:1  | Bought an amulet of reflection for 450 gold pieces
 27140 | Snake:1  | Found a runed translucent gate.
 27140 | Snake:1  | Found a runed translucent gate.
 27142 | Snake:1  | Found an opulent altar of Gozag.
 27142 | Snake:1  | Found Goph's Assorted Antiques.
 27144 | Snake:1  | Found Famoyro's Assorted Antiques.
 27144 | Snake:1  | Noticed Newt's ghost (journeyman DsGl)
 27483 | Snake:2  | Found a transporter.
 27663 | Snake:2  | Noticed Aizul
 27685 | Snake:2  | Reached skill level 5 in Armour
 27686 | Snake:2  | Killed Aizul
 28433 | Snake:2  | Identified the +5 trident of the Throat {flame, *Corrode
                  | +Blink Will+ Int+6}
 28436 | Snake:2  | Found a bloodstained altar of Trog.
 28597 | Snake:2  | Identified the +1 helmet "Gamycuen" {rC- Will+ rCorr}
                  | (Okawaru gifted it to you on level 2 of the Snake Pit)
 28597 | Snake:2  | Received a gift from Okawaru
 29012 | Snake:2  | Found a transporter.
 29234 | Snake:3  | Noticed Mara
 29245 | Snake:3  | Noticed concernfroge's illusion
 29504 | Snake:3  | Noticed Kirke
 29515 | Snake:3  | Killed Kirke
 29568 | Snake:3  | Reached XP level 17. HP: 120/128 MP: 23/23
 29597 | Snake:3  | Noticed concernfroge's illusion
 29606 | Snake:3  | Noticed concernfroge's illusion
 29626 | Snake:3  | Killed Mara
 29868 | Snake:3  | Found a sacrificial altar of Ru.
 30919 | Shoals:1 | Entered Level 1 of the Shoals
 30959 | Shoals:1 | Reached skill level 10 in Armour
 31063 | Shoals:1 | Identified the ring of the Mantidfly {rPois Str+6}
 31093 | Shoals:1 | Found Basocal's General Store.
 31093 | Shoals:1 | Noticed Donald
 31127 | Shoals:1 | Killed Donald
 31278 | Shoals:1 | Found Haimomed's Specific Store.
 31288 | Shoals:1 | Bought a scroll of poison for 68 gold pieces
 31399 | Shoals:1 | Reached skill level 5 in Evocations
 31410 | Shoals:1 | Received a gift from Okawaru
 31579 | Shoals:1 | Received a gift from Okawaru
 32186 | Snake:2  | Identified the amulet "Xuih" {Spirit Harm Drain Fragile
                  | Stlth+}
 32362 | Shoals:2 | Noticed Ilsuiw
 32400 | Shoals:2 | Killed Ilsuiw
 32493 | Shoals:2 | Noticed Roxanne
 32623 | Shoals:2 | Identified the +1 robe "Oriab" {Contam rElec Regen+ rCorr}
                  | (Okawaru gifted it to you on level 2 of the Shoals)
 32623 | Shoals:2 | Received a gift from Okawaru
 34247 | Shoals:3 | Reached XP level 18. HP: 134/134 MP: 24/24
 34288 | Shoals:3 | Reached skill level 10 in Evocations
 34293 | Shoals:3 | Reached skill level 1 in Throwing
 34841 | Shoals:2 | Identified a scroll of acquirement
 34843 | Shoals:2 | Acquired 799 gold pieces
 34937 | Snake:4  | Entered Level 4 of the Snake Pit
 34969 | Snake:4  | Noticed Zeldest's ghost (adept VSBe)
 35039 | Snake:4  | Received a gift from Okawaru
 35455 | Snake:4  | Reached skill level 5 in Throwing
 35646 | Snake:4  | Received a gift from Okawaru
 36164 | Snake:4  | Found a runed translucent gate.
 36167 | Snake:4  | Found a runed translucent gate.
 36167 | Snake:4  | Found a runed translucent gate.
 36170 | Snake:4  | Identified the ring "Tacko" {rC- EV+4 Str+9 Dex-5 Stlth+}
 36265 | Snake:4  | Received a gift from Okawaru
 36336 | Snake:4  | Got a serpentine rune of Zot
 36729 | Shoals:4 | Entered Level 4 of the Shoals
 36729 | Shoals:4 | Noticed Mlioglotl
 36735 | Shoals:4 | Killed Mlioglotl
 36942 | Shoals:4 | Noticed Polyphemus
 36972 | Shoals:4 | Killed Polyphemus
 37152 | Shoals:4 | Received a gift from Okawaru
 37305 | Shoals:4 | Identified the +10 war axe of Isiomemapp {antimagic, *Noise
                  | Fly rPois}
 37425 | Shoals:4 | Got a barnacled rune of Zot
 37636 | Shoals:4 | Reached skill level 10 in Throwing
 37728 | Shoals:4 | Received a gift from Okawaru
 37794 | Shoals:4 | Paralysed by an air elemental for 1 turns
 37860 | Shoals:4 | Paralysed by an air elemental for 1 turns
 37864 | Shoals:4 | Reached XP level 19. HP: 98/142 MP: 25/25
 38298 | Snake:4  | Acquired a manual of Fighting
 38634 | Vaults:1 | Entered Level 1 of the Vaults
 38665 | Vaults:1 | Reached skill level 11 in Fighting
 38829 | Vaults:1 | Reached skill level 12 in Fighting
 39042 | Vaults:1 | Reached skill level 13 in Fighting
 39047 | Vaults:1 | Received a gift from Okawaru
 39418 | Vaults:1 | Reached skill level 14 in Fighting
 39429 | Vaults:1 | Received a gift from Okawaru
 39798 | Vaults:1 | Identified the ring "Esmyllot" {rN+ rCorr Int-5 Dex+7 SInv}
 40057 | Vaults:1 | Received a gift from Okawaru
 40058 | Vaults:1 | Reached skill level 15 in Fighting
 40822 | Vaults:2 | Reached skill level 16 in Fighting
 40951 | Vaults:2 | Received a gift from Okawaru
 41481 | Vaults:2 | Reached skill level 17 in Fighting
 41634 | Vaults:2 | Found a staircase to the Crypt.
 41634 | Vaults:2 | Found an ancient bone altar of Kikubaaqudgha.
 41635 | Vaults:2 | Found a basalt altar of Yredelemnul.
 41686 | Vaults:2 | Received a gift from Okawaru
 41920 | Vaults:2 | Identified the +0 helmet of Fyabloph {SInv} (Okawaru gifted
                  | it to you on level 2 of the Vaults)
 41920 | Vaults:2 | Received a gift from Okawaru
 41955 | Vaults:2 | Reached skill level 18 in Fighting
 42341 | Vaults:2 | Noticed quaternion's ghost (veteran MiFi)
 42342 | Vaults:2 | Found a runed translucent gate.
 42342 | Vaults:2 | Found a runed translucent gate.
 42342 | Vaults:2 | Found a runed translucent gate.
 42457 | Vaults:2 | Reached XP level 20. HP: 133/170 MP: 26/26
 42712 | Vaults:2 | Identified the +11 trident of Gupy {protect, +Blink rElec
                  | rF- rN++ rCorr}
 43374 | Vaults:3 | Found Iwyngoqe's Weapon Shop.
 43842 | Vaults:3 | Noticed Boris
 43854 | Vaults:3 | Killed Boris
 45362 | Vaults:4 | Found a portal to a secret trove of treasure.
 45627 | Vaults:4 | Noticed Frederick
 45645 | Vaults:4 | Killed Frederick
 46740 | Vaults:4 | Identified the +1 plate armour "Iclak" {Will+ Dex+4 Slay+2}
 46795 | Vaults:4 | Found the +0 pair of fencer's gloves {Riposte Dex+3}
 46860 | Vaults:4 | Received a gift from Okawaru
 47416 | Crypt:1  | Entered Level 1 of the Crypt
 47436 | Crypt:1  | Reached XP level 21. HP: 177/177 MP: 27/27
 47509 | Crypt:1  | Received a gift from Okawaru
 47969 | Crypt:1  | Noticed Boris
 47994 | Crypt:1  | Killed Boris
 48788 | Crypt:2  | Received a gift from Okawaru
 49845 | Crypt:2  | Noticed an ancient lich
 49866 | Crypt:2  | Killed an ancient lich
 50173 | Crypt:3  | Entered Level 3 of the Crypt
 50447 | Crypt:3  | Found an ancient bone altar of Kikubaaqudgha.
 50824 | Crypt:3  | Received a gift from Okawaru
 50841 | Crypt:3  | Identified the +9 broad axe of Integrity {vorpal, Will+
                  | rCorr Dex+4}
 51083 | Crypt:3  | Noticed a profane servitor
 51094 | Crypt:3  | Killed a profane servitor
 51178 | Crypt:3  | Received a gift from Okawaru
 51307 | Crypt:3  | Found a staircase to the Tomb.
 51341 | Crypt:3  | Identified the amulet of the Garden {RegenMP Regen+ Str+2
                  | Int-3}
 51366 | Crypt:3  | Got the Tome of the Mausoleum
 51422 | Crypt:3  | Received a gift from Okawaru
 51424 | Crypt:3  | Reached XP level 22. HP: 180/184 MP: 28/28
 51527 | Crypt:3  | Identified the ring of Toklerchy {Fly rN+ Int-3 Dex+4 SInv}
 51527 | Crypt:3  | Identified the ring "Mumahewn" {rN+ Str+7}
 51721 | Crypt:3  | Received a gift from Okawaru
 51789 | Crypt:3  | Acquired the +9 broad axe "Doepnibb" {drain, rF+ rCorr
                  | Int+4}
 52681 | Depths:1 | Entered Level 1 of the Depths
 52681 | Depths:1 | Found a gateway to Hell.
 53022 | Depths:1 | Found Ileusus's Antique Weapon Emporium.
 53022 | Depths:1 | Found a one-way gate to the infinite horrors of the Abyss.
 53504 | Depths:2 | Received a gift from Okawaru
 53567 | Depths:2 | Noticed Boris
 53729 | Depths:2 | Killed Boris
 53786 | Depths:2 | Identified the +5 scale mail "Tedarhoh" {Fly Dex+2}
                  | (Okawaru gifted it to you on level 2 of the Depths)
 53786 | Depths:2 | Received a gift from Okawaru
 54072 | Depths:2 | Found a one-way gate leading to the halls of Pandemonium.
 54101 | Depths:2 | You fall into a shaft and drop 1 floor!
 54439 | Depths:3 | Identified the +1 robe of Boet {rPois rF++ Str+6}
 54453 | Depths:3 | Noticed a golden dragon
 54464 | Depths:3 | Killed a golden dragon
 55086 | Depths:3 | Found a radiant altar of Vehumet.
 55237 | Depths:2 | Found a one-way gateway to a ziggurat.
 55788 | Depths:2 | Noticed Vv
 55835 | Depths:2 | Killed Vv
 56026 | Depths:2 | Received a gift from Okawaru
 56315 | Depths:2 | Reached XP level 23. HP: 162/190 MP: 29/29
 56800 | Vaults:4 | You paid a toll of a +5 demon whip to enter a treasure
                  | trove
 56801 | Trove    | Entered a treasure trove
 56843 | Trove    | Got Sif Muna's Exposition on the Brume
 56864 | Trove    | Got Yrph's Spellbook of Transmigration
 57301 | Depths:4 | Entered Level 4 of the Depths
 57508 | Depths:4 | Found a basalt altar of Yredelemnul.
 57509 | Depths:4 | Found a radiant altar of Vehumet.
 57523 | Depths:4 | Received a gift from Okawaru
 57645 | Depths:4 | Noticed Boris
 57661 | Depths:4 | Received a gift from Okawaru
 57669 | Depths:4 | Killed Boris
 57736 | Depths:4 | Noticed a juggernaut
 57737 | Depths:4 | Paralysed by a floating eye for 3 turns
 57743 | Depths:4 | Paralysed by a floating eye for 2 turns
 57745 | Depths:4 | HP: 4/190 [ettin/+0 dire flail (14)]
 57745 | Depths:4 | Demolished by an ettin

Illustrated notes

Levels and vault maps discovered:
D:1:      wander_arrival_lonely_grave, layout_rooms
D:2:      layout_loops_cross
D:3:      layout_basic, jmf_multi_god_temple2,
          hellmonk_ecumenical_altar_crossroads
D:4:      layout_basic, nicolae_overflow_hidden_temple,
          minmay_temple_entry_from_below_a
D:5:      layout_basic, grunt_gozag_statues, nicolae_dithmenos_shadow_blocks,
          tgw_xom, minmay_fire_ice_demons
D:6:      layout_layer_cave, old_standard_altar,
          hangedman_decor_clover_reticule, nicolae_water_bricks
D:7:      layout_basic
D:8:      layout_basic
D:9:      minmay_chambers_of_sixes, layout_loops_corners, david_orc_5,
          minivault_16, uniq_prince_ribbit1
D:10:     layout_grid_maze, erik_lair_orcish_takeover, hangedman_weighted_door,
          dk_rats_in_the_wall, uniq_erica, uniq_fannar
D:11:     layout_roguey
D:12:     cheibrodos_statue_roulette, layout_rooms, minmay_librarian
D:13:     layout_long_grid, uniq_frances, uniq_sonja, uniq_jorgrun
D:14:     cheibrodos_tormentor_scu, layout_cave_pools, david_vaults_4,
          minmay_misc_feat_tower, st_stairs_13, minmay_splitting_lines
D:15:     grunt_enter_depths_magical_seal, layout_loops_ring,
          hangedman_decor_opposing, uniq_nessos
Temple:   nicolae_temple_ecumenical_triangle
Lair:1:   layout_gridlike, infiniplex_staircase_pool_2
Lair:2:   layout_loops_ring, serial_bayou_pond_d
Lair:3:   layout_regular_city, minmay_shoals_entry_lonely_mermaid,
          minmay_snake_entry_spellcaster, minmay_lair_oklob_bushes
Lair:4:   minmay_lair_oklob_tunnel, layout_regular_city,
          dpeg_slime_entry_enclosed, portal_ice_cave_entry_ice_simulacra,
          grunt_megastairs_2, serial_bayou_shore_a, lemuel_fruit_fields,
          serial_bayou_shore_b
Lair:5:   hangedman_lair_in_review, layout_long_grid, wormcave,
          cheibrodos_lair_lostbears, uniq_snorg
Shoals:1: layout_shoals, nicolae_specific_store, uniq_donald
Shoals:2: layout_shoals, nicolae_shoals_beach_house_on_fowls_legs, uniq_ilsuiw,
          uniq_roxanne
Shoals:3: layout_shoals
Shoals:4: shoals_end_hellmonk_storm_palace [storm_palace_center_square,
          storm_palace_corner_narrow, storm_palace_corner_blocked,
          storm_palace_corner_pillars, storm_palace_corner_reverse_hut],
          serial_shops, uniq_mlioglotl, uniq_polyphemus
Snake:1:  layout_gridlike, basic_altar, ebering_ghost_gozag, grunt_megastairs_5,
          lemuel_fruit_tree, serial_bayou_shore_b, minmay_shop_grove
Snake:2:  gammafunk_the_bubble [the_bubble_gammafunk_crates], layout_chambers,
          basic_altar, nicolae_snake_lava_pool, uniq_vashnia, uniq_aizul
Snake:3:  layout_chambers, basic_altar, grunt_megastairs_3, uniq_kirke,
          uniq_mara
Snake:4:  minmay_snake_end_coiled, layout_cave_shapes, gammafunk_ghost_split,
          special_room
Orc:1:    layout_caves, serial_shops, shop, nicolae_orc_tapped_out
Orc:2:    grunt_orc_gardens, layout_caves, grunt_orc_garden, grunt_orc_garden,
          grunt_orc_garden, grunt_orc_garden, guppyfry_library_mini
Vaults:1: nicolae_vaults_inception_statues, nicolae_vaults_statue_guard,
          vaults_mumra_hex, hangedman_vaults_unwind, v_misc_14, v_misc_8,
          v_alt_pattern_4, nicolae_vaults_little_squares_3,
          ontoclasm_vaults_claustrophobia, nicolae_vaults_bisected_slash,
          v_misc_24, vaults_room_pool, nicolae_vaults_little_squares_1,
          hangedman_vaults_locks, v_alt_pattern_1, layout_vaults_omnibox
Vaults:2: gammafunk_ghost_split, nicolae_vaults_little_squares_3,
          minmay_crypt_entry_necro_gods, nicolae_vaults_network_barrier,
          vaults_room_pool, nicolae_vaults_minivaults,
          nicolae_vaults_network_square, nicolae_vaults_specimen_jars,
          vaults_room_fours, layout_vaults_chaotic_city
Vaults:3: v_rooms_4, nicolae_vaults_angled_halls, nicolae_vaults_angled_halls,
          ontoclasm_vaults_pinch, ontoclasm_vaults_ligature, vaults_dpeg_hooks,
          layout_vaults_quadrants, serial_shops, nicolae_shop_crystal,
          uniq_boris
Vaults:4: v_misc_30, st_check, grunt_vaults_bifocal, ontoclasm_vaults_eye,
          nicolae_vaults_little_squares_2, vaults_room_grid,
          hangedman_vaults_snaps, dpeg_vaults_monster_box,
          vaults_mumra_minichess_inversion, v_misc_24, v_misc_28, v_misc_22,
          vaults_dpeg_ring, nicolae_vaults_little_squares_4,
          nicolae_vaults_little_squares_6, layout_vaults_omnicross,
          nicolae_trove_entry_path_of_doom, uniq_frederick
Crypt:1:  layout_chaotic_city, lemuel_upstairs_altar,
          grunt_crypt_arrival_guarded_gate
Crypt:2:  layout_catacombs, minivault_4, corner_web_ring,
          minmay_misc_feat_pillars, weyrava_lich_vault
Crypt:3:  grunt_crypt_end_deaths_head
Depths:1: layout_cave_pools, abyss_entry, serial_shops, shop, hell_entry,
          serial_bayou_pond_b, minmay_misc_feat_chi,
          chequers_serial_rivers_small_b, kennysheep_generic_room_10
Depths:2: hangedman_cross_stitches, layout_gridlike, enter_ziggurat_a,
          moated_statue, grunt_mini_vestibule, rand_demon_pan_entry_3,
          serial_bayou_shore_b, infiniplex_staircase_zigzag_5, uniq_vv
Depths:3: hellmonk_destroyed_diamonds, layout_gridville,
          minmay_stone_trees_large, pf_coc_iceberg, abyss_entry, eino_curves_04,
          nicolae_vehumet_radiance
Depths:4: hangedman_slaughterboxes, hell_entry, uniq_josephina

Skill      XL: |  1  2  3  4  5  6  7  8  9 10 11 12 13 14 15 16 17 18 19 20 21 22 23 |
---------------+----------------------------------------------------------------------+-----
Fighting       | 4 5 6 7 9 10 18 | 18.0
Invocations    | 1 2 4 6 8 |  8.0
Evocations     | 4 9 10 12 | 12.7
Dodging        | 7 10 11 12 13 14 | 14.0
Shields        | 5 8 10 11 12 13 14 | 14.0
Axes           | 4 10 13 16 17 | 17.9
Armour         | 8 10 11 12 13 14 | 14.4
Throwing       | 10 12 | 12.0
Polearms       | |  2.4
Stealth        | |  1.5

Action                   |  1- 3 |  4- 6 |  7- 9 | 10-12 | 13-15 | 16-18 | 19-21 | 22-24 || total
-------------------------+-------+-------+-------+-------+-------+-------+-------+-------++-------
Melee: Spear             |   146 |       |       |       |       |       |       |       ||   146
       Punch             |     1 |     3 |     6 |       |       |       |       |       ||    10
       Trident           |    14 |   167 |       |       |       |       |       |       ||   181
       Hand axe          |       |    21 |   134 |   659 |  1590 |  2021 |  2099 |       ||  6524
       Scimitar          |       |       |       |    32 |    20 |       |       |       ||    52
       Broad axe         |       |       |       |       |       |       |    90 |   709 ||   799
Throw: Throwing net      |       |     1 |     1 |       |       |       |       |       ||     2
       Dart              |       |       |    13 |    35 |    98 |    35 |       |       ||   181
       Javelin           |       |       |       |     1 |    15 |    39 |    45 |    58 ||   158
       Boomerang         |       |       |       |       |       |       |     3 |       ||     3
Invok: Heroism           |       |       |     6 |    40 |    60 |    49 |    64 |    21 ||   240
       Finesse           |       |       |     1 |    14 |    11 |    21 |    17 |     5 ||    69
Evoke: Wand              |       |       |    14 |     4 |     8 |    10 |     1 |       ||    37
       Lightning rod     |       |       |       |     4 |     6 |     4 |       |       ||    14
       Phial of floods   |       |       |       |       |     4 |     4 |     1 |       ||     9
       Condenser vane    |       |       |       |       |     1 |     4 |     1 |       ||     6
  Use: Scroll            |     4 |     8 |     6 |    14 |     6 |     9 |     2 |     6 ||    55
 Stab: Sleeping          |     2 |       |       |       |       |       |       |       ||     2
       Paralysed         |       |       |       |     6 |       |     5 |       |       ||    11
       Petrified         |       |       |       |       |     2 |    13 |       |       ||    15
       Confused          |       |       |       |       |       |     9 |       |       ||     9
       Petrifying        |       |       |       |       |       |     1 |       |       ||     1
Armor: Robe              |     4 |       |       |       |       |       |       |       ||     4
       Scale mail        |    40 |    69 |       |       |       |       |       |       ||   109
       Chain mail        |       |    25 |    12 |       |       |       |       |       ||    37
       Plate armour      |       |       |    83 |   240 |   256 |       |       |       ||   579
       Crystal plate arm |       |       |       |       |   206 |   700 |   579 |   162 ||  1647
Dodge: Dodged            |    66 |    81 |    58 |   166 |   273 |   417 |   451 |   212 ||  1724
Block: Kite shield       |       |       |       |   306 |   682 |  1143 |       |       ||  2131
       Reflection        |       |       |       |       |       |   157 |    58 |     5 ||   220
       Tower shield      |       |       |       |       |       |   466 |  2146 |   798 ||  3410

Table legend: (Time is in decaauts)
 A = Elapsed time spent in this place.
 B = Non-inter-level travel time spent in this place.
 C = Inter-level travel time spent in this place.
 D = Time resting spent in this place.
 E = Time spent auto-exploring this place.
 F = Levels seen in this place.
 G = Mean time per level.
                   A        B        C        D        E       F      G
               +--------+--------+--------+--------+--------+-----+--------+
         Total |  56365 |  49766 |   6599 |    136 |  38473 |  44 | 1281.0 |
       Dungeon |  17538 |  15021 |   2517 |     52 |  12087 |  15 | 1169.2 |
        Temple |     44 |     37 |      7 |      0 |     30 |   1 |   44.0 |
          Lair |   6876 |   5727 |   1149 |      0 |   4191 |   5 | 1375.2 |
        Shoals |   5105 |   4821 |    284 |      0 |   3526 |   4 | 1276.2 |
     Snake Pit |   6482 |   5712 |    770 |      0 |   4455 |   4 | 1620.5 |
  Orcish Mines |   1689 |   1343 |    346 |     84 |    820 |   2 |  844.5 |
        Vaults |   9085 |   8024 |   1061 |      0 |   6653 |   4 | 2271.2 |
         Crypt |   4390 |   4083 |    307 |      0 |   2993 |   3 | 1463.3 |
        Depths |   4185 |   4030 |    155 |      0 |   3135 |   4 | 1046.2 |
         Trove |     76 |     76 |      0 |      0 |     61 |   1 |   76.0 |
      Ice Cave |    890 |    890 |      0 |      0 |    519 |   1 |  890.0 |
               +--------+--------+--------+--------+--------+-----+--------+

Top non-repeatable levels by time:
Vaults:2: 2749 daAuts
Vaults:4: 2589 daAuts
     D:5: 2471 daAuts
Vaults:1: 2290 daAuts
    D:10: 2178 daAuts
  Lair:5: 1958 daAuts
 Crypt:2: 1904 daAuts
 Snake:2: 1821 daAuts
 Snake:3: 1773 daAuts
     D:9: 1729 daAuts
Depths:2: 1624 daAuts
 Crypt:3: 1542 daAuts
 Snake:4: 1487 daAuts
Vaults:3: 1456 daAuts
Shoals:2: 1401 daAuts
